 Dungeon Crawl Stone Soup version 0.24.0-123-gd5b16e6ec5 (webtiles) character file.

Game seed: 11492403928483098002, levelgen mode: deterministic

158192 Mesmaeker13 the Gelid (level 17, -2/136 HPs)
             Began as a White Draconian Ice Elementalist on Jan 16, 2020.
             Was a Priest of Sif Muna.
             Slain by a shambling mangrove (14 damage)
             ... on level 4 of the Swamp on Jan 17, 2020.
             The game lasted 02:19:04 (59988 turns).

Mesmaeker13 the Gelid (DrIE)                       Turns: 59988, Time: 02:19:06

Health: -2/136     AC: 13    Str: 11    XL:     17   Next: 13%
Magic:  5/41       EV: 15    Int: 26    God:    Sif Muna [***...]
Gold:   2167       SH:  8    Dex: 11    Spells: 10/38 levels left

rFire    + . .     SeeInvis .   Q - +8 dagger of Death's Door {drain, +Blink +Inv MR- MP+9}
rCold    + + .     Gourm    .   A - +0 buckler of Mamonguj {rElec MR++ Dex-4}
rNeg     . . .     Faith    .   (armour unavailable)
rPois    .         Spirit   .   (helmet restricted)
rElec    +         Reflect  +   u - scarf {rC+ rF+}
rCorr    .         Harm     .   M - +2 pair of gloves {Dex+3}
MR       +++..                  F - +0 pair of boots
Stlth    ++........             m - +4 amulet of reflection
HPRegen  0.32/turn              U - ring of protection from magic
MPRegen  0.27/turn              e - +4 ring of intelligence

@: marked, grasped by roots, very slightly contaminated, slowed, constricted,
very slow
A: breathe frost, unfitting armour, cold resistance 1, cold-blooded, AC +9
a: Breathe Frost, Channel Magic, Forget Spell, Renounce Religion, Evoke Blink,
Evoke Invisibility


You were on level 4 of the Swamp.
You worshipped Sif Muna.
Sif Muna was most pleased with you.
You were very hungry.

You visited 5 branches of the dungeon, and saw 28 of its levels.
You also visited: Ice Cave.

You collected 3123 gold pieces.
You spent 956 gold pieces at shops.

Inventory:

Hand Weapons
 Q - the +8 dagger of Death's Door (weapon) {drain, +Blink +Inv MR- MP+9}
   (You found it in an ice cave)

   A truly terrible weapon, it drains the life of those it strikes.
   It affects your resistance to hostile enchantments.
   It affects your magic capacity (+9).
   It lets you turn invisible.
   It lets you blink.
Missiles
 s - a throwing net (quivered)
 t - 227 stones
Armour
 u - a scarf of resistance (worn)
 A - the +0 buckler of Mamonguj (worn) {rElec MR++ Dex-4}
   (You bought it in a shop on level 8 of the Dungeon)

   It affects your dexterity (-4).
   It insulates you from electricity.
   It affects your resistance to hostile enchantments.
 F - a +0 pair of boots (worn)
 M - a +2 pair of gloves of dexterity (worn)
 O - a +0 pair of boots of running
Magical Staves
 B - an uncursed staff of cold
Jewellery
 e - a +4 ring of intelligence (right hand)
 m - a +4 amulet of reflection (around neck)
 G - an uncursed ring of resist corrosion
 K - an uncursed ring of ice
 R - the ring of Xom's Entertainment {+Fly rElec}
   (You found it on level 3 of the Swamp)

   [ring of flight]

   It insulates you from electricity.
   It lets you fly.
 T - an uncursed ring of positive energy
 U - a ring of protection from magic (left hand)
Wands
 q - a wand of acid (2)
 H - a wand of digging (5)
Scrolls
 a - a scroll of enchant weapon {unknown}
 c - 6 scrolls of teleportation
 f - a scroll of magic mapping
 j - 4 scrolls of remove curse
 l - 2 scrolls of random uselessness {unknown}
 w - a scroll of silence {unknown}
 x - 2 scrolls of blinking
 y - a scroll of summoning {unknown}
 C - 2 scrolls of acquirement {unknown}
 I - 2 scrolls of vulnerability {unknown}
 N - a scroll of holy word
 S - 3 scrolls of noise
 V - a scroll of fog
 X - 2 scrolls of identify
Potions
 d - 3 potions of magic
 g - 5 potions of haste
 i - 3 potions of berserk rage {unknown}
 k - 3 potions of curing
 n - 7 potions of heal wounds
 o - 3 potions of resistance {unknown}
 p - 4 potions of ambrosia {unknown}
 r - 2 potions of lignification {unknown}
 D - 5 potions of might
 E - a potion of mutation {unknown}
 J - a potion of flight {unknown}
 P - 2 potions of agility
 W - a potion of brilliance {unknown}
Miscellaneous
 h - a box of beasts
 v - a lamp of fire
 L - a phantom mirror
Comestibles
 b - 8 rations


   Skills:
 + Level 8.8 Fighting
 - Level 6.0 Short Blades
 - Level 11.4 Dodging
 - Level 1.7 Stealth
 - Level 4.0 Shields
 - Level 11.0 Spellcasting
 - Level 13.4 Conjurations
 - Level 10.0 Necromancy
 + Level 17.2 Ice Magic
 - Level 5.3 Earth Magic
 - Level 8.1 Invocations
 + Level 5.8 Evocations


You had 10 spell levels left.
You knew the following spells:

 Your Spells              Type           Power        Failure   Level  Hunger
a - Bolt of Cold          Conj/Ice       #######...   1%          6    #####..
b - Throw Frost           Conj/Ice       ######       0%          2    None
c - Sandblast             Erth           #####.       1%          1    None
d - Throw Icicle          Conj/Ice       #######.     1%          4    None
e - Summon Ice Beast      Ice/Summ       ######..     1%          4    None
f - Lee's Rapid Deconstr  Erth           #####.....   13%         5    ###....
g - Simulacrum            Ice/Necr       ######....   2%          6    #####..

Your spell library contained the following spells:

 Spells                   Type           Power        Failure   Level  Hunger
 Freeze                   Ice            ####         0%          1    None
 Flame Tongue             Conj/Fire      #####        1%          1    None
 Magic Dart               Conj           ####         1%          1    None
 Shock                    Conj/Air       ####         1%          1    None
 Sting                    Conj/Pois      ####         1%          1    None
 Sublimation of Blood     Necr           ######....   1%          2    None
 Conjure Flame            Conj/Fire      #####...     1%          3    None
 Dazzling Spray           Conj/Hex       #####.       1%          3    None
 Mephitic Cloud           Conj/Pois/Air  #####...     1%          3    None
 Ozocubu's Armour         Chrm/Ice       ######..     1%          3    None
 Regeneration             Chrm/Necr      #####.....   1%          3    None
 Static Discharge         Conj/Air       #####...     1%          3    None
 Stone Arrow              Conj/Erth      ######       1%          3    None
 Animate Dead             Necr           N/A          1%          4    None
 Ice Form                 Ice/Tmut       ######..     1%          4    None
 Iskenderun's Mystic Bla  Conj           ######..     1%          4    None
 Dispel Undead            Necr           ######..     1%          5    ###....
 Passwall                 Tmut/Erth      ####....     2%          2    None
 Force Lance              Conj/Tloc      #####...     2%          4    None
 Sticky Flame             Conj/Fire      #####...     2%          4    None
 Metabolic Englaciation   Hex/Ice        ######....   3%          5    ###....
 Beastly Appendage        Tmut           ##....       4%          1    None
 Corona                   Hex            ##.....      4%          1    None
 Summon Small Mammal      Summ           ##..         4%          1    None
 Blink                    Tloc           N/A          6%          2    None
 Call Imp                 Summ           ##......     6%          2    None
 Shroud of Golubria       Chrm/Tloc      ##....       6%          2    None
 Slow                     Hex            ##......     6%          2    None
 Sticks to Snakes         Tmut           ##......     6%          2    None
 Swiftness                Chrm/Air       ##......     6%          2    None
 Fireball                 Conj/Fire      #####.....   8%          5    ###....
 Irradiate                Conj/Tmut      #####.....   8%          5    ###....
 Lightning Bolt           Conj/Air       #####.....   8%          5    ###....
 Ignite Poison            Fire/Tmut/Pois ##......     12%         3    None
 Inner Flame              Hex/Fire       ##......     12%         3    None
 Portal Projectile        Hex/Tloc       ##....       12%         3    None
 Spider Form              Tmut/Pois      ##........   12%         3    None
 Leda's Liquefaction      Hex/Erth       ####......   14%         4    None
 Petrify                  Tmut/Erth      ####....     14%         4    None
 Airstrike                Air            ##........   38%         4    None
 Cause Fear               Hex            ##........   38%         4    None
 Summon Lightning Spire   Summ/Air       ##......     38%         4    None
 Alistair's Intoxication  Tmut/Pois      ##......     75%         5    ###....
 Blade Hands              Tmut           ##........   75%         5    ###....
 Silence                  Hex/Air        ##........   75%         5    ###....
 Yara's Violent Unravell  Hex/Tmut       ##........   75%         5    ###....
 Deflect Missiles         Chrm/Air       ##........   99%         6    #####..
 Shadow Creatures         Summ           N/A          99%         6    #####..
 Lehudib's Crystal Spear  Conj/Erth      ######....   99%         8    #######
 Discord                  Hex            ##........   100%        8    #######
 Summon Horrible Things   Summ           ##........   100%        8    #######
 Dragon's Call            Summ           ##........   100%        9    #######
 Fire Storm               Conj/Fire      #####.....   100%        9    #######


Dungeon Overview and Level Annotations

Branches:
Dungeon (15/15)            Temple (1/1) D:4            Lair (6/6) D:8
  Swamp (4/4) Lair:4        Snake (0/4) Lair:3        Slime (0/5) Lair:6
    Orc (2/2) D:11            Elf (0/3) Orc:2        Vaults (0/5) D:14
 Depths (0/5) D:15          IceCv (visited)

Altars:
Ashenzari
Cheibriados
Dithmenos
Elyvilon
Fedhas
Gozag
Hepliaklqana
Kikubaaqudgha
Makhleb
Nemelex Xobeh
Okawaru
Qazlal
Ru
Sif Muna
Trog
Uskayaw
Vehumet
Wu Jian
Xom
Yredelemnul
Zin
The Shining One
Beogh
Jiyva

Shops:
D:8 [:   Orc:1 *   Orc:2 ![![

Annotations:
D:4 3 runed translucent doors, Grinder; MisterT's ghost, amateur FeEn
D:6 1 runed translucent door, Nebesus's ghost, amateur MiMo
D:12 Jorgrun
D:15 Kirke
Swamp:4 4 exclusions


Innate Abilities, Weirdness & Mutations

You can breathe waves of freezing cold.
You can buffet flying creatures when you breathe cold.
Your icy white scales are hard. (AC +9)
You cannot fit into any form of body armour.
Your flesh is cold resistant. (rC+)
You are cold-blooded and may be slowed by cold attacks.


Message History

Aim: a hornet The bolt of cold misses the hornet.
The bolt of cold hits the hornet!!
The hornet is almost dead.
You are feeling very hungry.
The hornet is engulfed in freezing vapours.
* * * LOW HITPOINT WARNING * * *
The grasping roots constrict you.
The hornet is engulfed in freezing vapours.
You block the hornet's attack.
Casting: Bolt of Cold (safe; 1% risk of failure)
Confirm with . or Enter, or press ? or * to list all spells.
You don't have enough magic to cast that spell.
You hit the hornet.
The hornet is heavily wounded.
The hornet stings you.
* * * LOW HITPOINT WARNING * * *
You feel yourself slow down.
The hornet is engulfed in freezing vapours.
The hornet stings you but does no damage.
You die...

♣♣≈≈.≈♣♣♣♣♣.§≈≈≈≈≈§.≈.
♣♣§<≈♣♣♣♣≈...≈≈≈≈≈≈≈≈
♣.....♣♣.≈≈.≈≈≈≈≈≈≈≈
♣.≈≈≈≈≈[≈≈≈..≈≈..≈≈≈
♣≈.§≈§.........♣♣♣♣♣
♣♣♣...[≈≈≈.≈≈≈≈♣ ♣
♣♣≈.≈≈≈≈≈≈≈≈♣♣ ♣
♣♣.§..≈§....♣♣ ♣
♣≈@≈♣♣....♣♣♣ ♣♣
♣yy.♣♣♣...♣ ♣♣≈
♣≈○≈♣♣♣≈.♣♣ ♣.≈
♣♣..≈♣♣♣♣♣ ♣.≈
♣♣.=♣♣♣♣♣ ♣♣♣♣≈.
♣≈f≈♣≈≈≈♣♣ ♣≈≈≈≈.
♣.≈≈.[≈≈≈♣♣ ♣♣≈≈≈.
♣♣≈≈[≈≈≈≈.♣♣♣ ♣.≈≈[
♣♣♣.≈≈≈≈§..♣♣♣♣<≈≈


You could see a shambling mangrove and 2 hornets.

Vanquished Creatures
  4 thorn hunters
  Donald (Orc:2)
  An azure jelly (Lair:6)
  A frost giant (D:15)
  Nessos (D:15)
  3 death oozes (Lair:6)
  Josephine (Orc:2)
  A great orb of eyes (Lair:6)
  Harold (D:11)
  An ogre mage (D:15)
  Fannar (Lair:2)
  18 hydras
  A ghost crab (Swamp:1)
  3 vault guards (D:14)
  Erica (D:8)
  9 alligators
  3 centaur warriors
  A catoblepas (D:14)
  A death knight (D:15)
  4 two-headed ogres
  5 shambling mangroves
  An orc high priest (Orc:2)
  A death yak (Lair:4)
  Urug (D:10)
  An unseen horror (D:14)
  6 spriggan druids
  11 swamp dragons
  3 wizards (D:14)
  An orc knight (Orc:2)
  A necromancer (D:11)
  7 orc sorcerers
  A deep elf mage (D:14)
  2 cyclopes (D:15)
  3 elephants (Lair:5)
  An ugly thing (D:8)
  2 manticores
  7 centaur zombies (D:11)
  2 ice statues (IceCv)
  2 black mambas (Lair:6)
  A gargoyle (D:15)
  29 spiny frogs
  7 ice devils (IceCv)
  A freezing wraith (D:15)
  2 rime drakes
  7 komodo dragons
  A tengu conjurer (D:13)
  3 trolls
  14 hornets
  6 tyrant leeches
  9 blink frogs
  6 hippogriffs
  2 polar bears
  3 dream sheep (Lair:5)
  27 slime creatures
  9 bog bodies
  4 flying skulls (D:11)
  5 shadows
  7 spriggans
  3 wyverns
  43 yaks
  A vampire (D:11)
  3 basilisks
  Grum (D:9)
  4 wraiths
  8 hogs
  18 humans
  26 vampire mosquitoes
  15 swamp worms
  7 wargs
  26 insubstantial wisps
  12 water moccasins
  3 porcupines
  33 orc warriors
  An ice beast (D:9)
  4 swamp drakes
  A hornet zombie (D:6)
  3 sky beasts
  2 phantoms
  12 ogres
  22 wolves
  4 centaurs
  20 crocodiles
  25 bullfrogs
  A water moccasin zombie (D:10)
  6 scorpions
  A water moccasin skeleton (D:6)
  9 wights
  3 electric eels
  3 howler monkeys
  6 crimson imps
  5 bullfrog zombies
  An iron imp (D:8)
  14 jellies
  5 hounds
  46 orc wizards
  39 orc priests
  2 bullfrog skeletons
  6 centaur skeletons
  2 gnoll shamans
  9 iguanas
  Ijyb (D:3)
  8 worker ants
  A hound zombie (D:11)
  4 hound skeletons
  Robin (D:3)
  A worker ant zombie (D:10)
  13 gnolls
  17 adders
  8 white imps (IceCv)
  5 ufetubi (IceCv)
  9 oozes
  An adder skeleton (D:4)
  An adder zombie (D:9)
  2 dart slugs
  6 worms
  11 leopard geckos
  A leopard gecko (shapeshifter) (D:13)
  111 orcs
  4 ball pythons
  3 giant cockroaches
  12 goblins
  9 hobgoblins
  10 jackals
  6 quokkas
  8 bats
  16 frilled lizards
  A jackal skeleton (D:5)
  5 kobolds
  2 leopard gecko skeletons
  3 rats
  A butterfly (Lair:6)
  A plant (Lair:3)
995 creatures vanquished.

Vanquished Creatures (collateral kills)
  An acid blob (Lair:6)
  An orc warlord (Orc:1)
  A great orb of eyes (Lair:6)
  6 hydras
  3 two-headed ogres
  A catoblepas (Lair:3)
  A shambling mangrove (Swamp:4)
  6 alligators
  4 swamp dragons (Swamp:4)
  A necromancer (D:11)
  5 slime creatures
  A deep elf mage (D:14)
  An elephant (Lair:4)
  3 black mambas
  10 spiny frogs
  A freezing wraith (D:14)
  3 tyrant leeches
  2 hornets (Swamp:3)
  9 blink frogs
  A hippogriff (Lair:4)
  8 bog bodies
  4 dream sheep (Lair:5)
  A shadow (Swamp:2)
  A spriggan (Swamp:3)
  A wyvern (Lair:6)
  A wraith (Orc:2)
  20 yaks
  3 humans (D:14)
  A hungry ghost (D:14)
  5 vampire mosquitoes
  4 swamp worms
  3 water moccasins
  8 swamp drakes
  4 orc warriors
  2 ogres
  2 crocodiles
  4 bullfrogs
  3 wights
  2 jellies (Lair:6)
  2 orc priests (Orc:1)
  An adder (Lair:3)
  2 oozes (Lair:6)
  3 leopard geckos (Lair:3)
  9 orcs
  A frilled lizard (Lair:3)
156 creatures vanquished.

Vanquished Creatures (others)
  A reaper (IceCv)
  A swamp dragon (Swamp:4)
  2 cyclopes
  A centaur (D:14)
  4 white imps (IceCv)
  5 ufetubi (IceCv)
  21 fungi
  67 plants
102 creatures vanquished.

Grand Total: 1253 creatures vanquished

Notes
Turn   | Place    | Note
-------+----------+-------------------------------------------
     0 | D:1      | Mesmaeker13 the Draconian Ice Elementalist began the quest
                  | for the Orb.
     0 | D:1      | Reached XP level 1. HP: 14/14 MP: 3/3
   343 | D:1      | Reached XP level 2. HP: 20/20 MP: 3/5
  1338 | D:2      | Noticed an ogre
  1601 | D:2      | Reached XP level 3. HP: 22/26 MP: 1/6
  1884 | D:2      | Found an opulent altar of Gozag.
  2688 | D:2      | Learned a level 2 spell: Throw Frost
  2772 | D:2      | Reached XP level 4. HP: 33/33 MP: 5/8
  2968 | D:2      | Killed an ogre
  2968 | D:2      | Reached skill level 4 in Ice Magic
  2968 | D:2      | Reached XP level 5. HP: 38/38 MP: 0/9
  3741 | D:3      | Noticed Robin
  3759 | D:3      | Killed Robin
  4260 | D:3      | Noticed Ijyb
  4268 | D:3      | Killed Ijyb
  4268 | D:3      | Reached XP level 6. HP: 28/45 MP: 2/10
  5157 | D:4      | Found a runed translucent gate.
  5157 | D:4      | Found a runed translucent gate.
  5218 | D:4      | Reached skill level 5 in Ice Magic
  5410 | D:4      | Noticed an orc warrior
  5537 | D:4      | Your scales start taking on an icy white colour.
  5537 | D:4      | Reached skill level 6 in Ice Magic
  5537 | D:4      | Reached XP level 7. HP: 50/50 MP: 6/11
  5537 | D:4      | Gained mutation: Your flesh is cold resistant. (rC+) [White
                  | Draconian growth]
  5982 | D:4      | Found a staircase to the Ecumenical Temple.
  6107 | Temple   | Entered the Ecumenical Temple
  6205 | Temple   | Became a worshipper of Sif Muna the Loreminder
  6370 | D:4      | Noticed Grinder
  6385 | D:4      | Paralysed by Grinder for 4 turns
  6625 | D:5      | Entered Level 5 of the Dungeon
  6646 | D:5      | Reached skill level 7 in Ice Magic
  6748 | D:5      | Reached skill level 5 in Dodging
  6890 | D:5      | Reached XP level 8. HP: 57/57 MP: 3/12
  7340 | D:3      | Learned a level 1 spell: Sandblast
  7717 | D:4      | Reached skill level 1 in Earth Magic
  7875 | D:4      | Reached skill level 5 in Conjurations
  8174 | D:4      | Found a runed translucent gate.
  8180 | D:4      | Noticed MisterT's ghost (amateur FeEn)
  8255 | D:4      | Paralysed by Grinder for 4 turns
  9118 | D:6      | Noticed Nebesus's ghost (amateur MiMo)
  9232 | D:6      | Found a runed translucent door.
  9276 | D:6      | Reached XP level 9. HP: 59/62 MP: 5/13
  9281 | D:6      | Reached * piety under Sif Muna
  9843 | D:6      | Found a white marble altar of Elyvilon.
  9843 | D:6      | Found a burning altar of Makhleb.
 10730 | D:7      | Reached skill level 5 in Earth Magic
 10733 | D:7      | Reached ** piety under Sif Muna
 10989 | D:7      | Found a glowing silver altar of Zin.
 11165 | D:8      | Learned a level 4 spell: Throw Icicle
 11188 | D:8      | Found Fomusenn's Book Boutique.
 11341 | D:8      | Noticed Erica
 11395 | D:8      | You fall into a shaft and drop 1 floor!
 11489 | D:8      | Found a snail-covered altar of Cheibriados.
 11557 | D:8      | Reached skill level 8 in Ice Magic
 11805 | D:8      | Learned a level 4 spell: Summon Ice Beast
 12063 | D:8      | Noticed a purple ugly thing
 12090 | D:8      | Killed a purple ugly thing
 12090 | D:8      | Reached XP level 10. HP: 48/69 MP: 5/14
 12311 | D:8      | Found a staircase to the Lair.
 12966 | D:8      | Killed Erica
 12966 | D:8      | Reached skill level 9 in Ice Magic
 13145 | D:8      | Found Ylan's Armour Emporium.
 13155 | D:8      | Bought the cursed +0 buckler of Mamonguj {rElec MR++ Dex-4}
                  | for 201 gold pieces
 13888 | D:9      | Reached *** piety under Sif Muna
 14569 | D:9      | Noticed Grum
 14588 | D:9      | Killed Grum
 15034 | D:9      | Found a shattered altar of Ashenzari.
 15265 | D:9      | Reached skill level 5 in Spellcasting
 15475 | D:10     | Entered Level 10 of the Dungeon
 15958 | D:10     | Noticed Urug
 16207 | D:11     | Reached skill level 10 in Ice Magic
 16207 | D:11     | Reached XP level 11. HP: 74/74 MP: 10/18
 16280 | D:11     | Noticed Harold
 16299 | D:11     | Killed Harold
 16299 | D:11     | Reached **** piety under Sif Muna
 16472 | D:11     | Found a staircase to the Orcish Mines.
 16518 | D:11     | Found a roughly hewn altar of Beogh.
 17146 | D:10     | Killed Urug
 17412 | Lair:1   | Entered Level 1 of the Lair of Beasts
 17531 | Lair:1   | Found a frozen archway.
 17557 | IceCv    | Entered an ice cave
 17642 | IceCv    | Killed a reaper
 17904 | IceCv    | Learned a level 5 spell: Lee's Rapid Deconstruction
 18947 | IceCv    | Reached skill level 1 in Invocations
 19298 | IceCv    | Reached skill level 1 in Shields
 19957 | IceCv    | Got a steaming dagger
 20196 | Lair:1   | Identified the +8 dagger of Death's Door {drain, +Blink
                  | +Inv MR- MP+9} (You found it in an ice cave)
 20629 | Lair:1   | Reached skill level 11 in Ice Magic
 20659 | Lair:1   | Reached skill level 10 in Conjurations
 21761 | Lair:2   | Reached ***** piety under Sif Muna
 21934 | Lair:2   | Reached XP level 12. HP: 27/81 MP: 18/22
 22529 | Lair:2   | Reached skill level 1 in Short Blades
 22531 | Lair:2   | Identified Sif Muna's Collected Works on the Escort (Sif
                  | Muna gifted it to you on level 2 of the Lair of Beasts)
 22531 | Lair:2   | Received a gift from Sif Muna
 23033 | Lair:2   | Noticed Fannar
 23052 | Lair:2   | Killed Fannar
 24079 | Lair:3   | Found a staircase to the Snake Pit.
 24165 | Lair:3   | Got a transparent mace
 24791 | Lair:3   | Reached skill level 5 in Invocations
 25826 | Lair:4   | Reached skill level 12 in Ice Magic
 25927 | Lair:4   | Found a staircase to the Swamp.
 26363 | Lair:4   | Noticed a catoblepas
 26616 | Lair:3   | Killed a catoblepas
 26789 | Lair:4   | Noticed a death yak
 26832 | Lair:4   | Killed a death yak
 27125 | Lair:4   | You fall into a shaft and drop 2 floors!
 27125 | Lair:6   | Entered Level 6 of the Lair of Beasts
 27582 | Lair:6   | Reached XP level 13. HP: 86/86 MP: 22/25
 27671 | Lair:6   | Identified Sif Muna's Almanac of Frigorific Battle Magic
                  | (Sif Muna gifted it to you on level 6 of the Lair of
                  | Beasts)
 27671 | Lair:6   | Received a gift from Sif Muna
 28282 | Lair:6   | Reached skill level 5 in Short Blades
 28836 | Lair:6   | Found a viscous altar of Jiyva.
 28836 | Lair:6   | Noticed an acid blob
 28836 | Lair:6   | Noticed a death ooze
 28836 | Lair:6   | Noticed a death ooze
 28836 | Lair:6   | Noticed an azure jelly
 28851 | Lair:6   | Found a staircase to the Slime Pits.
 29929 | Lair:6   | Killed an acid blob
 30196 | Lair:5   | Reached skill level 13 in Ice Magic
 31632 | Lair:5   | Identified Sif Muna's Grimoire of Dark Battle Magic (Sif
                  | Muna gifted it to you on level 5 of the Lair of Beasts)
 31632 | Lair:5   | Received a gift from Sif Muna
 32934 | Lair:6   | Killed an azure jelly
 33111 | Lair:6   | Reached XP level 14. HP: 93/93 MP: 24/27
 33482 | Lair:6   | Reached skill level 10 in Dodging
 34115 | Lair:1   | Identified the +7 mace of Conformity {crush, *Contam rElec
                  | rN+ MR+} (You found it on level 3 of the Lair of Beasts)
 35379 | D:11     | Identified Sif Muna's Volume of Arcane Weapons (Sif Muna
                  | gifted it to you on level 11 of the Dungeon)
 35379 | D:11     | Received a gift from Sif Muna
 35394 | D:11     | Learned a level 6 spell: Bolt of Cold
 35963 | D:12     | Reached skill level 14 in Ice Magic
 36370 | D:13     | Reached skill level 10 in Spellcasting
 36528 | D:12     | Noticed Jorgrun
 36595 | D:13     | Found a gate leading to a gauntlet.
 36668 | D:13     | Found an iron altar of Okawaru.
 37665 | D:14     | Found a basalt altar of Yredelemnul.
 37705 | D:14     | HP: 2/93 [freezing wraith (7)]
 39507 | D:14     | Found a glowing golden altar of the Shining One.
 39832 | D:14     | Reached XP level 15. HP: 54/99 MP: 29/29
 40569 | D:14     | Found a gate to the Vaults.
 40645 | D:15     | Entered Level 15 of the Dungeon
 41104 | D:15     | Received a gift from Sif Muna
 41122 | D:15     | Learned a level 6 spell: Simulacrum
 41261 | D:15     | Noticed Nessos
 41266 | D:15     | Killed Nessos
 41592 | D:15     | Reached skill level 1 in Necromancy
 41985 | D:15     | Noticed Kirke
 41987 | D:15     | Noticed a sphinx
 42457 | D:15     | Found a staircase to the Depths.
 42457 | D:15     | Noticed a frost giant
 42989 | D:15     | Killed a frost giant
 42989 | D:15     | Reached skill level 15 in Ice Magic
 43895 | Orc:1    | Entered Level 1 of the Orcish Mines
 44145 | Orc:2    | Entered Level 2 of the Orcish Mines
 44145 | Orc:2    | Found a staircase to the Elven Halls.
 44506 | Orc:1    | Found Mealyp's Mayhem Merchandise.
 44976 | Orc:2    | Noticed Josephine
 44983 | Orc:2    | Killed Josephine
 45386 | Orc:2    | Reached skill level 5 in Necromancy
 45718 | Orc:2    | Identified Sif Muna's Handbook of Translocation (Sif Muna
                  | gifted it to you on level 2 of the Orcish Mines)
 45718 | Orc:2    | Received a gift from Sif Muna
 46269 | Orc:2    | Found Waenkoaf's Distillery.
 46269 | Orc:2    | Found Cobuifin's Armour Shoppe.
 46270 | Orc:2    | Found Cycuzxos's Armour Emporium.
 46273 | Orc:2    | Found Aziobb's Distillery.
 46414 | Orc:2    | Noticed Donald
 46443 | Orc:2    | Killed Donald
 46913 | Orc:2    | Noticed an orc warlord
 47479 | Orc:1    | Killed an orc warlord
 47584 | Orc:2    | Bought a potion of curing for 54 gold pieces
 47584 | Orc:2    | Bought a potion of heal wounds for 90 gold pieces
 47588 | Orc:2    | Bought a scarf of resistance for 416 gold pieces
 47603 | Orc:2    | Bought a potion of heal wounds for 65 gold pieces
 47603 | Orc:2    | Bought 2 potions of heal wounds for 130 gold pieces
 47894 | Swamp:1  | Entered Level 1 of the Swamp
 49374 | Swamp:1  | Noticed a thorn hunter
 49388 | Swamp:1  | Killed a thorn hunter
 49914 | Swamp:1  | Reached XP level 16. HP: 105/105 MP: 6/31
 50056 | Swamp:1  | Reached skill level 10 in Necromancy
 50177 | Swamp:1  | Reached skill level 1 in Fighting
 51321 | Swamp:2  | Identified Sif Muna's Wizardry in Simple Steps (Sif Muna
                  | gifted it to you on level 2 of the Swamp)
 51321 | Swamp:2  | Received a gift from Sif Muna
 51524 | Swamp:2  | Noticed a thorn hunter
 51690 | Swamp:2  | Killed a thorn hunter
 52185 | Swamp:2  | Reached skill level 5 in Fighting
 52247 | Swamp:2  | Reached skill level 16 in Ice Magic
 53222 | Swamp:3  | Reached skill level 1 in Evocations
 53369 | Swamp:3  | Noticed a thorn hunter
 53386 | Swamp:3  | Killed a thorn hunter
 53608 | Swamp:3  | Noticed a thorn hunter
 54893 | Swamp:3  | Found a transporter.
 54957 | Swamp:3  | Found a transporter.
 55109 | Swamp:3  | Got a twitching lead amulet
 55127 | Swamp:3  | Got a pitted brass ring
 55139 | Swamp:3  | Killed a thorn hunter
 55142 | Swamp:3  | Identified the amulet of the Sky {Faith *Corrode +Inv
                  | Str+9} (You found it on level 3 of the Swamp)
 55149 | Swamp:3  | Identified the ring of Xom's Entertainment {+Fly rElec}
                  | (You found it on level 3 of the Swamp)
 55451 | Swamp:4  | Entered Level 4 of the Swamp
 57339 | Swamp:4  | Reached skill level 17 in Ice Magic
 57355 | Swamp:4  | Reached skill level 5 in Evocations
 57866 | Swamp:4  | Reached XP level 17. HP: 135/135 MP: 29/32
 59981 | Swamp:4  | Paralysed by a hornet for 3 turns
 59988 | Swamp:4  | Slain by a shambling mangrove

Levels and vault maps discovered:
D:1:      dpeg_arrival_short_road, layout_loops_cross
D:2:      minmay_diamond_boxcup, layout_loops_corners,
          nicolae_gozag_cash_rules_everything_around_me
D:3:      layout_rooms, uniq_ijyb, uniq_robin
D:4:      layout_loops_ring, minmay_temple_entry_nine_rooms,
          gammafunk_ghost_split, uniq_grinder
D:5:      minmay_spotlight, layout_cave_pools, first_ration,
          minmay_misc_feat_more_columns
D:6:      layout_loops_ring, amethyst_overflow_temple_binary,
          hellmonk_ghost_happy_afterlife
D:7:      layout_rooms, lemuel_doored_altar
D:8:      layout_loops_ring, slow_altar_1, erik_lair_orcish_takeover,
          serial_shops, kennysheep_little_box, shop, uniq_erica
D:9:      layout_long_grid, basic_altar, grunt_livestock,
          minmay_fractal_squares_gapless_5, uniq_grum
D:10:     layout_long_grid, uniq_urug
D:11:     hangedman_screamer, layout_rooms, minmay_orc_entry_temple_small,
          uniq_harold
D:12:     layout_basic, uniq_jorgrun
D:13:     layout_big_octagon, gauntlet_entry_generic, basic_altar
D:14:     layout_irregular_city, grunt_vaults_entry_tiered,
          nicolae_tso_carved_into_rock, yredelemnul_altar_generic
D:15:     grunt_enter_depths_snipers, layout_irregular_city,
          minmay_misc_feat_pillars, uniq_nessos, uniq_kirke
Temple:   minmay_temple_bridge_d
Lair:1:   layout_regular_city, portal_ice_cave_entry_pillars_2,
          grunt_megastairs_5, serial_bayou_shore_a
Lair:2:   layout_regular_city, small_statue_intersection, grunt_megastairs_4,
          uniq_fannar
Lair:3:   lemuel_reptile_caves, layout_chaotic_city,
          minmay_snake_entry_six_corridors
Lair:4:   layout_layer_cave, minmay_swamp_entry_swarm,
          chequers_serial_rivers_small_3, nicolae_lair_yak_garden
Lair:5:   layout_small_grid, chequers_serial_rivers_micro_e
Lair:6:   minmay_lair_end_frog_pond, layout_hall_layers,
          minmay_slime_entry_pillars, special_room [special_room_jelly],
          lemuel_fruit_fields
Swamp:1:  layout_falls_marsh, nicolae_swamp_treefoil
Swamp:2:  layout_basic_swamp, evilmike_swamp_ruin_house_1,
          infiniplex_staircase_pool
Swamp:3:  gammafunk_its_a_trap, layout_falls_marsh, evilmike_swamp_ruin_wall,
          swamp_pool1
Swamp:4:  swamp_basic_johnstein, layout_basic_swamp
Orc:1:    layout_diamond_mine, minmay_shop_mayhem
Orc:2:    st_orc_mages, layout_caves, uniq_donald, uniq_josephine

Skill      XL: |  1  2  3  4  5  6  7  8  9 10 11 12 13 14 15 16 |
---------------+-------------------------------------------------+-----
Dodging        | 2 3 4 5 6 7 9 11 | 11.4
Spellcasting   | 3 5 6 8 9 10 11 | 11.0
Ice Magic      | 4 6 7 8 10 11 12 13 14 15 17 | 17.2
Conjurations   | 2 3 4 6 7 9 10 11 12 13 | 13.4
Earth Magic    | 3 5 |  5.3
Invocations    | 3 6 8 |  8.1
Shields        | 3 4 |  4.0
Short Blades   | 4 6 |  6.0
Necromancy     | 9 10 | 10.0
Fighting       | 8 |  8.8
Evocations     | 5 |  5.8
Stealth        | |  1.7

Action                   |  1- 3 |  4- 6 |  7- 9 | 10-12 | 13-15 | 16-18 || total
-------------------------+-------+-------+-------+-------+-------+-------++-------
Melee: Unarmed           |     5 |       |       |       |       |       ||     5
       Whip              |     8 |       |       |       |       |       ||     8
       Tailslap          |     1 |     5 |    10 |    33 |    64 |    17 ||   130
       Hand axe          |       |     5 |       |       |       |       ||     5
       Spear             |       |    47 |    46 |       |       |       ||    93
       Dagger            |       |       |    20 |   153 |   641 |   218 ||  1032
       Staff             |       |       |     1 |    40 |       |       ||    41
       Trident           |       |       |       |     4 |       |       ||     4
Throw: Throwing net      |       |       |       |       |     6 |       ||     6
 Cast: Freeze            |    63 |   107 |   179 |   294 |   162 |       ||   805
       Throw Frost       |       |    21 |    77 |   125 |   245 |     2 ||   470
       Sandblast         |       |       |    36 |   205 |   155 |       ||   396
       Summon Ice Beast  |       |       |     4 |    50 |   122 |       ||   176
       Throw Icicle      |       |       |     2 |    71 |   286 |   313 ||   672
       Lee's Rapid Decon |       |       |       |    10 |     4 |       ||    14
       Bolt of Cold      |       |       |       |       |   103 |    35 ||   138
       Simulacrum        |       |       |       |       |     5 |    24 ||    29
Invok: Channel Magic     |       |       |       |     1 |     6 |     2 ||     9
       Forget Spell      |       |       |       |       |     1 |       ||     1
 Abil: Breathe Frost     |       |       |    10 |    16 |    20 |     4 ||    50
       Evoke Blink       |       |       |       |       |     3 |       ||     3
Evoke: Wand              |       |     2 |    26 |    51 |    21 |     5 ||   105
  Use: Scroll            |     2 |     4 |     4 |     7 |    17 |     8 ||    42
       Potion            |       |       |       |     5 |    10 |     6 ||    21
 Stab: Sleeping          |     2 |       |     2 |     1 |       |       ||     5
       Paralysed         |       |       |     5 |    24 |     6 |       ||    35
       Distracted        |       |       |       |     3 |     2 |       ||     5
  Eat: Chunk             |     6 |    10 |    20 |    34 |    74 |    10 ||   154
       Ration            |       |       |     2 |     9 |    13 |    11 ||    35
Armor: Skin              |    17 |    31 |    54 |   146 |   197 |    80 ||   525
Dodge: Dodged            |    33 |   129 |   218 |   430 |   550 |   253 ||  1613
Block: Other             |       |       |       |    43 |       |       ||    43
       Buckler           |       |       |       |   170 |   364 |   137 ||   671
       Reflection        |       |       |       |     2 |    18 |     6 ||    26
